 Dungeon Crawl Stone Soup version 0.20-b1 (webtiles) character file.

525 miragecloak the Martial Artist (level 7, -4/52 HPs)
             Began as a Purple Draconian Transmuter on May 19, 2017.
             Slain by an orc wizard
             ... wielding a +0 dagger
              (5 damage)
             ... on level 3 of the Dungeon.
             The game lasted 00:05:57 (3334 turns).

miragecloak the Martial Artist (DrTm)               Turns: 3334, Time: 00:05:57

Health: -4/52      AC:  7    Str: 13    XL:     7   Next: 2%
Magic:  1/10       EV: 18    Int: 13    God:
Gold:   94         SH:  0    Dex: 13    Spells: 9/10 levels left

rFire    . . .     SeeInvis .     - Unarmed
rCold    . . .     Gourm    .   (no shield)
rNeg     . . .     Faith    .   (armour unavailable)
rPois    .         Spirit   .   (helmet restricted)
rElec    .         Reflect  .   (no cloak)
rCorr    .         Harm     .   (no gloves)
MR       ++...                  j - +0 pair of boots
Stlth    +.........             (no amulet)
Regen    0.2/turn               o - +6 ring of evasion
MPRegen  0.2/turn               r - ring of protection from magic

@: short of breath, appendage (expiring)
A: breathe power, unfitting armour, horns 2, cold-blooded, AC +6
a: Breathe Dispelling Energy, End Transformation


You were on level 3 of the Dungeon.
You were not hungry.
You had grown temporary horns.
You visited 1 branch of the dungeon, and saw 3 of its levels.

You collected 94 gold pieces.

Inventory:

Missiles
 a - 33 arrows
Armour
 j - a +0 pair of boots (worn)
Jewellery
 o - a +6 ring of evasion (left hand)
 r - a ring of protection from magic (right hand)
Wands
 u - a wand of lightning (12/15)
 v - a wand of acid (9/15)
Scrolls
 e - a scroll of recharging {unknown}
 f - 2 scrolls of remove curse {unknown}
 k - 3 scrolls of identify {unknown}
 m - a scroll of amnesia {unknown}
 n - 4 scrolls of teleportation {unknown}
 p - a scroll of fear {unknown}
 q - a scroll of magic mapping {unknown}
 s - 2 scrolls of enchant weapon {unknown}
Potions
 g - 2 potions of degeneration {unknown}
 i - 4 potions of curing {unknown}
 l - a potion of haste
 t - 2 potions of mutation {unknown}
 w - a potion of lignification {unknown}
Books
 b - a book of Changes

   Spells                             Type                      Level
   a - Beastly Appendage              Transmutation                1
   b - Sticks to Snakes               Transmutation                2
   c - Spider Form                    Transmutation/Poison         3
   d - Ice Form                       Ice/Transmutation            4
   e - Blade Hands                    Transmutation                5
Comestibles
 c - 2 bread rations
 d - 3 royal jellies
 h - a meat ration


   Skills:
 - Level 1.1 Fighting
 - Level 1.7 Dodging
 + Level 8.0 Unarmed Combat
 - Level 2.4 Spellcasting
 - Level 2.0 Transmutations


You had 9 spell levels left.
You knew the following spells:

 Your Spells              Type           Power        Failure   Level  Hunger
a - Beastly Appendage     Tmut           #.....       11%         1    #......


Dungeon Overview and Level Annotations

Branches:
Dungeon (3/15)

Altars:
Kikubaaqudgha
Vehumet

Annotations:
D:2 1 runed door


Innate Abilities, Weirdness & Mutations

You can breathe bolts of dispelling energy.
Your rich purple scales are hard. (AC +6)
You cannot fit into any form of body armour.
You are cold-blooded and may be slowed by cold attacks.
You have a pair of horns on your head.


Message History

The hound bites you.
* * * LOW HITPOINT WARNING * * *
Something hits you.
* * * LOW HITPOINT WARNING * * *
Press: ? - help, Shift-Dir - straight line You breathe a bolt of dispelling energy.
You feel somewhat more hungry. The hound completely misses you.
The hound misses you. Something hits you but does no damage.
You hit something. You tail-slap something. The hound closely misses you.
You closely miss something. Your headbutt misses something.
Your transformation is almost over.
You hear some strange, mumbled words.
A puff of flame appears from out of thin air!
The puff of flame hits you!
* * * LOW HITPOINT WARNING * * *
The hound closely misses you.
You miss something. The hound bites you.
* * * LOW HITPOINT WARNING * * *
Something hits you.
You die...

#######...## #.#
#.##.##.
...........# #.#
#.......
.#####....## #.#
####.##.
....##.#.########.#
#.###
.##...............#
#.#
.#####.#.##########
#.### .......#.#
#.... ########.#
########## #####
########.##
#{@h.....#
##(.......#
#)######.#
##.#####..# #.#
##.#####..#####.####
..........o.o......#
##.##..#.o#####.##.#
##(####o..## #... ..
##[###..o..#
####.###
##.[......## #


You could see a hound.

Vanquished Creatures
  Grinder (D:3)
  An orc priest (D:3)
  3 orc wizards (D:3)
  Jessica (D:3)
  Natasha (thrice) (D:2 D:1)
  Terence (D:2)
  Robin (D:2)
  An adder (D:2)
  2 worms
  3 dart slugs
  A leopard gecko (D:2)
  5 orcs (D:3)
  A giant cockroach (D:1)
  18 goblins
  8 hobgoblins
  6 jackals
  4 kobolds
  A quokka (D:2)
  A ball python (D:1)
  8 bats
  5 frilled lizards
  6 rats
81 creatures vanquished.

Notes
Turn   | Place    | Note
-------+----------+-------------------------------------------
     0 | D:1      | miragecloak the Draconian Transmuter began the quest for the Orb.
     0 | D:1      | Reached XP level 1. HP: 16/16 MP: 3/3
   250 | D:1      | Reached XP level 2. HP: 19/23 MP: 3/5
   634 | D:1      | Reached skill level 4 in Unarmed Combat
   945 | D:1      | Reached XP level 3. HP: 28/28 MP: 4/6
  1085 | D:2      | Noticed Natasha
  1092 | D:2      | Killed Natasha
  1113 | D:2      | Noticed Natasha
  1124 | D:2      | Killed Natasha
  1124 | D:2      | Reached skill level 5 in Unarmed Combat
  1124 | D:2      | Reached XP level 4. HP: 23/35 MP: 7/7
  1305 | D:2      | Noticed Natasha
  1328 | D:1      | Killed Natasha
  1724 | D:2      | Found a runed door.
  1752 | D:2      | Noticed Terence
  1767 | D:2      | Killed Terence
  1767 | D:2      | Reached XP level 5. HP: 35/40 MP: 8/8
  1810 | D:2      | Found an ancient bone altar of Kikubaaqudgha.
  1940 | D:2      | Found a radiant altar of Vehumet.
  2303 | D:3      | Reached skill level 6 in Unarmed Combat
  2538 | D:3      | Noticed Robin
  2542 | D:3      | Noticed Grinder
  2690 | D:2      | Killed Robin
  2867 | D:3      | Paralysed by Grinder for 4 turns
  2872 | D:3      | Killed Grinder
  2872 | D:3      | Reached skill level 7 in Unarmed Combat
  2872 | D:3      | Reached XP level 6. HP: 24/47 MP: 9/9
  3172 | D:3      | Noticed Jessica
  3177 | D:3      | Killed Jessica
  3330 | D:3      | Reached skill level 8 in Unarmed Combat
  3330 | D:3      | Your scales start taking on a rich purple colour.
  3330 | D:3      | Reached XP level 7. HP: 15/52 MP: 1/10
  3333 | D:3      | HP: 2/52 [something/puff of flame (11)]
  3334 | D:3      | Slain by an orc wizard

Skill      XL: |  1  2  3  4  5  6 |
---------------+-------------------+-----
Unarmed Combat | 4 5 7 8 |  8.0
Fighting       | |  1.1
Dodging        | |  1.7
Spellcasting   | |  2.4
Transmutations | |  2.0

Action                   |  1- 3 |  4- 6 |  7- 9 || total
-------------------------+-------+-------+-------++-------
Melee: Unarmed           |   130 |   180 |     3 ||   313
       Tailslap          |    13 |    15 |     1 ||    29
       Punch             |     3 |     3 |       ||     6
       Kick              |     7 |       |       ||     7
       Headbutt          |     7 |    22 |       ||    29
 Cast: Beastly Appendage |    33 |    48 |       ||    81
 Abil: Breathe Dispellin |       |       |     1 ||     1
Evoke: Wand              |       |     1 |       ||     1
  Use: Potion            |       |     1 |       ||     1
 Stab: Sleeping          |       |     1 |       ||     1
  Eat: Chunk             |     2 |     8 |       ||    10
Armor: Skin              |    41 |    47 |       ||    88
Dodge: Dodged            |    82 |   217 |     4 ||   303
